 Dungeon Crawl Stone Soup version 0.29-a0-284-gf9362112df (webtiles) character file.

Game seed: 4740202106950363908

149 peepeepoopoo the Skirmisher (level 5, -4/42 HPs)
             Began as a Human Fighter on Mar 29, 2022.
             Was an Initiate of Jiyva.
             Killed by divine providence
             ... invoked by an orc priest
              (12 damage)
             ... on level 3 of the Dungeon.
             The game lasted 00:14:52 (3220 turns).

peepeepoopoo the Skirmisher (Human Fighter)         Turns: 3220, Time: 00:14:53

Health: -4/42      AC: 10    Str: 18    XL:     5   Next: 57%
Magic:  5/5        EV:  7    Int:  9    God:    Jiyva [......]
Gold:   129        SH:  4    Dex: 12    Spells: 4/4 levels left

rFire   . . .      SeeInvis .   a - +0 flail
rCold   . . .      Faith    .   c - +0 buckler
rNeg    . . .      Spirit   .   r - +0 chain mail
rPois   .          Reflect  .   (no helmet)
rElec   .          Harm     .   (no cloak)
rCorr   .          Rampage  .   (no gloves)
Will    .....                   k - +0 pair of boots
Stlth   ..........              (no amulet)
HPRegen 0.14/turn               (no ring)
MPRegen 0.09/turn               (no ring)

@: no status effects
A: no striking features
a: Renounce Religion


You were on level 3 of the Dungeon.
You worshipped Jiyva.
Jiyva was noncommittal.
You visited 1 branch of the dungeon, and saw 3 of its levels.
You also visited: Sewer.

You collected 129 gold pieces.

Inventory:

Hand Weapons
 a - a +0 flail (weapon)
 o - a +0 whip
 y - a +0 whip
Missiles
 h - 6 poisoned darts (quivered)
Armour
 b - a +0 scale mail
 c - a +0 buckler (worn)
 k - a +0 pair of boots (worn)
 l - a +0 robe
 r - a +0 chain mail (worn)
 t - a +0 leather armour
Jewellery
 f - a ring of wizardry
 g - a ring of protection from fire
Scrolls
 e - 3 scrolls of identify {unknown}
 j - 2 scrolls of vulnerability {unknown}
 n - a scroll of enchant armour {unknown}
 p - 3 scrolls of acquirement {unknown}
 v - a scroll of silence {unknown}
 w - a scroll of amnesia {unknown}
Potions
 d - a potion of might
 i - a potion of flight {unknown}
 m - a potion of curing {unknown}
 q - a potion of brilliance {unknown}
 s - a potion of heal wounds {unknown}
 u - a potion of haste {unknown}
 x - a potion of lignification {unknown}
 A - 2 potions of invisibility {unknown}


   Skills:
 + Level 3.8 Fighting
 + Level 3.5 Maces & Flails
 + Level 3.8 Armour
 + Level 0.7 Dodging
 + Level 3.4 Shields


You had 4 spell levels left.
You didn't know any spells.
Your spell library contained the following spells:

 Spells                   Type           Power      Damage    Failure   Level
 Apportation              Tloc           0%         N/A       100%        1
 Alistair's Intoxication  Tmut/Pois      0%         N/A       100%        5
 Dispersal                Tloc           0%         N/A       100%        6
 Disjunction              Tloc           0%         N/A       100%        8


Dungeon Overview and Level Annotations

Branches:
Dungeon (3/15)              Sewer (visited)

Altars:


Message History

The kobold is heavily wounded.
The kobold closely misses you. The kobold hits you but does no damage.
You hit the kobold.
You kill the kobold!
Things that are here:
a +0 whip; a kobold corpse
y - a +0 whip An orc and an orc priest come into view.
The orc priest shouts!
You hear a shout!
An orc wizard comes into view. It is wielding a +0 dagger.
An orc comes into view. It is wielding a +0 flail.
The orc hits you with a +0 war axe. The orc priest barely misses you.
You barely miss the orc. You block the orc's attack.
The orc priest hits you from afar with a +0 trident.
You barely miss the orc. The orc barely misses you.
The orc priest hits you but does no damage.
You hit the orc but do no damage. The orc hits you but does no damage.
The orc priest mumbles some strange prayers to Beogh against you.
Beogh smites you! The orc hits you with a +0 war axe.
The orc priest hits you but does no damage.
You completely miss the orc. The orc hits you but does no damage.
The orc priest hits you but does no damage.
You barely miss the orc. The orc closely misses you.
The orc priest hits you but does no damage.
You hit the orc.
The orc is moderately wounded.
The orc barely misses you.
The orc priest hits you from afar with a +0 trident.
You hit the orc.
You kill the orc!
The orc priest mumbles some strange prayers to Beogh against you.
Beogh smites you!
* * * LOW HITPOINT WARNING * * *
The orc priest completely misses you.
It was a potion of magic.
Magic courses through your body. The orc priest barely misses you.
The orc priest casts a cantrip, but nothing happens.
The orc priest invokes the aid of Beogh against you.
Beogh smites you!
You die...

.#≈≈≈# .#≈≈≈# ..
##...######## .#
##.#.......# .#
#.........# .#
###.......# .#
#.........# .#
#.........#####.#
#.........o...@.#
#.....†...#######
###.......#
######.## #.o...#
#.##### #.# .o.
#...


You could see an orc priest.

Vanquished Creatures
  A jelly (Sewer)
  Terence (D:2)
  A worm (D:2)
  4 dart slugs
  An orc (D:3)
  13 endoplasms
  8 giant cockroaches
  8 goblins
  5 hobgoblins
  3 kobolds
  7 quokkas
  7 ball pythons
  2 bats
  6 frilled lizards
  6 rats
73 creatures vanquished.

Vanquished Creatures (others)
  A ball python (D:3)
1 creature vanquished.

Grand Total: 74 creatures vanquished

Notes
Turn   | Place    | Note
-------+----------+-------------------------------------------
     0 | D:1      | peepeepoopoo the Human Fighter began the quest for the Orb.
     0 | D:1      | Reached XP level 1. HP: 18/18 MP: 1/1
   114 | D:1      | Reached XP level 2. HP: 24/24 MP: 2/2
   437 | D:1      | Found a faded altar of an unknown god.
   582 | D:1      | Reached XP level 3. HP: 27/29 MP: 3/3
  1076 | D:2      | Noticed Terence
  1091 | D:2      | Killed Terence
  1092 | D:2      | Reached XP level 4. HP: 17/35 MP: 4/4
  2199 | D:3      | Found a glowing drain.
  2243 | Sewer    | Entered a sewer
  2693 | Sewer    | Reached XP level 5. HP: 41/41 MP: 5/5
  3052 | Sewer    | Found a viscous altar of Jiyva.
  3077 | Sewer    | Became a worshipper of Jiyva Joosch the Shapeless
  3220 | D:3      | Killed from afar by an orc priest

Illustrated notes

Levels and vault maps discovered:
D:1:      giann_bridges, layout_basic, hellmonk_ecumenical_altar_arch_garden
D:2:      layout_loops_ring, serial_rivers, chequers_serial_rivers_micro_d,
          chequers_serial_rivers_room_b, chequers_serial_rivers_micro_d,
          chequers_serial_rivers_micro_e, kennysheep_generic_room_11,
          uniq_terence
D:3:      layout_basic, portal_sewer_entry_f, amcnicky_mini_rare_corridor_liquid

Skill      XL: |  1  2  3  4 |
---------------+-------------+-----
Maces & Flails | 3 |  3.5
Fighting       | |  3.8
Armour         | |  3.8
Dodging        | |  0.7
Shields        | |  3.4

Action                   |  1- 3 |  4- 6 || total
-------------------------+-------+-------++-------
Melee: Flail             |    81 |   152 ||   233
  Use: Potion            |       |     1 ||     1
Armor: Scale mail        |    32 |       ||    32
       Chain mail        |       |   126 ||   126
Dodge: Dodged            |    35 |    68 ||   103
Block: Buckler           |    14 |    45 ||    59

Table legend: (Time is in decaauts)
 A = Elapsed time spent in this place.
 B = Non-inter-level travel time spent in this place.
 C = Inter-level travel time spent in this place.
 D = Time resting spent in this place.
 E = Time spent auto-exploring this place.
 F = Levels seen in this place.
 G = Mean time per level.
                   A        B        C        D        E       F      G
               +--------+--------+--------+--------+--------+-----+--------+
         Total |   3330 |   2929 |    401 |      0 |   2241 |   4 |  832.5 |
       Dungeon |   2346 |   1945 |    401 |      0 |   1495 |   3 |  782.0 |
         Sewer |    984 |    984 |      0 |      0 |    746 |   1 |  984.0 |
               +--------+--------+--------+--------+--------+-----+--------+

Top non-repeatable levels by time:
     D:2: 1264 daAuts
   Sewer: 984 daAuts
     D:1: 830 daAuts
     D:3: 251 daAuts
